 Dungeon Crawl Stone Soup version 0.28.0-49-g6dfe1f597d (webtiles) character file.

Game seed: 14565017770182426263

148 Zeld the Stinger (level 5, -2/45 HPs)
             Began as a Naga Venom Mage on May 15, 2022.
             Was an Initiate of Cheibriados.
             Slain by a gnoll
             ... wielding a +0 halberd
              (16 damage)
             ... on level 3 of the Dungeon.
             The game lasted 00:03:56 (3696 turns).

Zeld the Stinger (Naga Venom Mage)                  Turns: 3696, Time: 00:03:56

Health: -2/45      AC:  3    Str: 14    XL:     5   Next: 30%
Magic:  7/9        EV: 10    Int: 16    God:    Cheibriados [......]
Gold:   110        SH:  0    Dex: 12    Spells: 3/9 levels left

rFire   . . .      SeeInvis +   i - +2 spear of the King {vorpal, Stlth+}
rCold   . . .      Faith    .   (no shield)
rNeg    . . .      Spirit   .   a - +0 robe
rPois   +          Reflect  .   (no helmet)
rElec   .          Harm     .   (no cloak)
rCorr   .          Rampage  .   o - +0 pair of gloves
Will    .....                   (no barding)
Stlth   +++.......              (no amulet)
HPRegen 0.15/turn               (no ring)
MPRegen 0.11/turn               (no ring)

@: very slow
A: AC +1, large, see invisible, deformed body, poison resistance, slowness 2,
spit poison 1, naga tail 1
a: Spit Poison, Renounce Religion


You were on level 3 of the Dungeon.
You worshipped Cheibriados.
Cheibriados was noncommittal.
You visited 1 branch of the dungeon, and saw 3 of its levels.

You collected 110 gold pieces.

Inventory:

Hand Weapons
 i - the +2 spear of the King (weapon) {vorpal, Stlth+}
   (You found it on level 2 of the Dungeon)

   It inflicts extra damage upon your enemies.
   Stlth:     It makes you more stealthy.
Missiles
 f - 5 poisoned darts (quivered)
Armour
 a - a +0 robe (worn)
 o - a +0 pair of gloves (worn)
Scrolls
 b - 2 scrolls of silence {unknown}
 c - a scroll of vulnerability {unknown}
 d - a scroll of noise {unknown}
 e - a scroll of magic mapping {unknown}
 m - 2 scrolls of enchant weapon {unknown}
 n - a scroll of teleportation {unknown}
Potions
 g - a potion of brilliance {unknown}
 h - a potion of invisibility {unknown}
 j - a potion of magic {unknown}
 k - a potion of curing {unknown}
 l - a potion of might {unknown}
 p - a potion of ambrosia {unknown}


   Skills:
 * Level 1.9 Fighting
 + Level 1.0 Armour
 + Level 2.0 Dodging
 + Level 3.8 Stealth
 * Level 2.7 Spellcasting
 + Level 0.5 Conjurations
 - Level 1.0 Transmutations
 - Level 1.0 Air Magic
 * Level 4.8 Poison Magic


You had 3 spell levels left.
You knew the following spells:

 Your Spells              Type           Power      Damage    Failure   Level
a - Sting                 Tmut/Pois      44%        1d5       6%          1
b - Poisonous Vapours     Pois/Air       22%        N/A       9%          2
c - Mephitic Cloud        Conj/Pois/Air  8%         N/A       24%         3

Your spell library contained the following spells:

 Spells                   Type           Power      Damage    Failure   Level
 Olgreb's Toxic Radiance  Pois           17%        N/A       26%         4


Dungeon Overview and Level Annotations

Branches:
Dungeon (3/15)

Altars:
Cheibriados
Makhleb
Nemelex Xobeh


Innate Abilities, Weirdness & Mutations

Your serpentine skin is tough. (AC +1)
You have supernaturally acute eyesight. (SInv)
Armour fits poorly on your strangely shaped body.
Your system is resistant to poisons. (rPois)
You cover ground very slowly.
You can spit poison.
You have a snake-like lower body.


Message History

The orc shouts!
The gnoll shouts!
The orc shouts!
Okay, then.
You hear a shout!
The gnoll barely misses you. The gnoll barely misses you.
The gnoll barely misses you.
The gnoll hits you from afar with a +0 halberd!
The gnoll hits you from afar with a +0 halberd!
The gnoll hits you from afar with a +0 halberd.
Okay, then.
Okay, then.
Casting: Sting (safe; 6% risk of failure)
Confirm with . or Enter, or press ? or * to list all spells.
The spell is quite dangerous to miscast (24% risk of failure)!
Continue anyway?
Aiming: Mephitic Cloud (quite dangerous; 24% risk of failure)
Press: ? - help, Shift-Dir - straight line, f - gnoll
Aim: a gnoll, wielding a +0 halberd (chance to affect: 91%)
The ball explodes into a vile cloud!
The stinking cloud engulfs the gnoll but does no damage.
The stinking cloud engulfs the orc wizard but does no damage.
You hear a shout! x2
The gnoll is engulfed in noxious fumes.
The gnoll appears confused.
Unknown command.
The gnoll is engulfed in noxious fumes.
The orc wizard is engulfed in noxious fumes.
The orc wizard appears confused.
The orc wizard is engulfed in noxious fumes.
The orc wizard appears confused.
The orc wizard is engulfed in noxious fumes.
The orc wizard appears confused.
The gnoll is engulfed in noxious fumes.
The gnoll appears confused.
The gnoll seems less confused.
The gnoll completely misses you.
The gnoll hits the gnoll with a +0 whip!
The gnoll hits you with a +0 halberd!
The gnoll hits you from afar with a +0 halberd.
The gnoll barely misses you.
Cheibriados appreciates the change of pace.
You feel a bit more experienced.
The gnoll hits you from afar with a +0 halberd!
You die...

###...#####..#.#
.....##.....##g#
.............#o#
...............#
.._............#
...............###
...............g.#
..............##.#
..............##@#
.............###.#
.....##.....## #.#
###########.# #.#
.......# #.# #.#
.......# #.# #.#
#......# #.# #.#
...##.## #.# #.##
#..##.## #.# #..#


You could see a gnoll.

Vanquished Creatures
  A bullfrog (D:3)
  A gnoll (D:3)
  3 adders
  4 worms
  2 orcs (D:3)
  2 bats
  3 endoplasms
  2 giant cockroaches
  6 hobgoblins
  2 quokkas (D:2)
  A ball python (D:2)
  2 frilled lizards (D:2)
  7 kobolds
  2 rats
38 creatures vanquished.

Notes
Turn   | Place    | Note
-------+----------+-------------------------------------------
     0 | D:1      | Zeld the Naga Venom Mage began the quest for the Orb.
     0 | D:1      | Reached XP level 1. HP: 15/15 MP: 3/3
   514 | D:1      | Reached XP level 2. HP: 11/24 MP: 0/5
   518 | D:1      | Learned a level 2 spell: Poisonous Vapours
  1077 | D:3      | Found a sparkling altar of Nemelex Xobeh.
  1311 | D:3      | Reached skill level 1 in Fighting
  1311 | D:3      | Reached XP level 3. HP: 29/31 MP: 2/6
  1379 | D:1      | Found a faded altar of an unknown god.
  1681 | D:2      | Identified the +2 spear of the King {vorpal, Stlth+}
  1713 | D:2      | Found a snail-covered altar of Cheibriados.
  1769 | D:2      | Became a worshipper of Cheibriados the Contemplative
  2854 | D:3      | Found a burning altar of Makhleb.
  2861 | D:3      | Reached XP level 4. HP: 20/38 MP: 0/7
  3013 | D:3      | Learned a level 3 spell: Mephitic Cloud
  3095 | D:3      | Identified the +9 spear "Musuruim" {freeze, rElec rPois
                  | Str+2}
  3131 | D:3      | Noticed a bullfrog
  3284 | D:3      | Killed a bullfrog
  3285 | D:3      | Reached skill level 1 in Armour
  3285 | D:3      | Reached skill level 1 in Air Magic
  3285 | D:3      | Reached XP level 5. HP: 42/45 MP: 1/9
  3696 | D:3      | Slain by a gnoll

Illustrated notes

Levels and vault maps discovered:
D:1:      dpeg_arrival_three_bigger_balls, layout_basic,
          shapermc_ecumenical_altar_flowoftime
D:2:      layout_rooms, basic_altar, kennysheep_generic_room_16
D:3:      layout_rooms, bloody_makhleb, nemelex_xobeh_ov_fountains_minmay,
          eino_curves_04, grunt_ministairs_13, chequers_serial_rivers_room_b

Skill      XL: |  1  2  3  4 |
---------------+-------------+-----
Fighting       | 1 |  1.9
Armour         | 1 |  1.0
Dodging        | 2 |  2.0
Air Magic      | 1 |  1.0
Stealth        | |  3.8
Spellcasting   | |  2.7
Conjurations   | |  0.5
Transmutations | |  1.0
Poison Magic   | |  4.8

Action                   |  1- 3 |  4- 6 || total
-------------------------+-------+-------++-------
Melee: Unarmed           |    13 |       ||    13
       Spear             |    33 |     8 ||    41
 Cast: Sting             |    37 |     2 ||    39
       Poisonous Vapours |    14 |     5 ||    19
       Mephitic Cloud    |       |     1 ||     1
 Abil: Spit Poison       |     4 |     1 ||     5
 Stab: Sleeping          |       |     2 ||     2
Armor: Robe              |     7 |       ||     7
Dodge: Dodged            |    50 |     9 ||    59
